 Dungeon Crawl Stone Soup version 0.24-a0-809-g71cb82dfb8 (webtiles) character file.

Game seed: 14536756854164825084, levelgen mode: deterministic

371 Kohma the Insei (level 6, 0/47 HPs)
             Began as a Draconian Transmuter on Oct 11, 2019.
             Slain by an ogre
             ... wielding a +0 giant club
              (23 damage)
             ... on level 4 of the Dungeon.
             The game lasted 00:13:26 (4472 turns).

Kohma the Insei (Draconian Transmuter)              Turns: 4472, Time: 00:13:26

Health: 0/47       AC:  8    Str: 15    XL:     6   Next: 42%
Magic:  2/9        EV: 12    Int: 14    God:
Gold:   183        SH:  0    Dex: 13    Spells: 3/9 levels left

rFire    . . .     SeeInvis +     - Unarmed
rCold    . . .     Gourm    .   (no shield)
rNeg     . . .     Faith    .   (armour unavailable)
rPois    .         Spirit   .   (helmet restricted)
rElec    .         Reflect  .   w - +0 cloak
rCorr    .         Harm     .   i - +0 pair of gloves
MR       .....                  (no boots)
Stlth    +.........             (no amulet)
HPRegen  0.15/turn              y - ring of see invisible
MPRegen  0.11/turn              k - +3 ring of strength

@: appendage
A: unfitting armour, horns 2, cold-blooded, AC +6
a: End Transformation


You were on level 4 of the Dungeon.
You were hungry.
You had grown temporary horns.
You visited 1 branch of the dungeon, and saw 5 of its levels.

You collected 183 gold pieces.

Inventory:

Missiles
 a - 27 arrows
 e - 13 poisoned darts
 h - 5 silver boomerangs (quivered)
Armour
 g - a +0 large shield
 i - a +0 pair of gloves (worn)
 w - a +0 cloak (worn)
Jewellery
 b - an uncursed ring of ice
 k - a +3 ring of strength (right hand)
 y - a ring of see invisible (left hand)
Wands
 f - a wand of paralysis (3)
 v - a wand of iceblast (4)
Scrolls
 u - a scroll of teleportation
 B - a scroll of remove curse
Potions
 d - 2 potions of magic
 j - a potion of ambrosia {unknown}
 l - a potion of cancellation {unknown}
 m - 2 potions of curing
 o - 2 potions of heal wounds {unknown}
 p - a potion of invisibility {unknown}
 q - 2 potions of flight {unknown}
 s - a potion of mutation {unknown}
 A - a potion of experience {unknown}
Comestibles
 c - 4 rations


   Skills:
 - Level 1.1 Fighting
 - Level 1.7 Dodging
 + Level 5.5 Unarmed Combat
 - Level 2.0 Spellcasting
 + Level 3.8 Transmutations
 - Level 3.1 Poison Magic


You had 3 spell levels left.
You knew the following spells:

 Your Spells              Type           Power        Failure   Level  Hunger
a - Beastly Appendage     Tmut           ##....       4%          1    ##.....
b - Sticks to Snakes      Tmut           ##......     8%          2    ###....
c - Spider Form           Tmut/Pois      ##........   17%         3    ####...

Your spell library contained the following spells:

 Spells                   Type           Power        Failure   Level  Hunger
 Ice Form                 Ice/Tmut       #.......     73%         4    #####..
 Blade Hands              Tmut           ##........   80%         5    ######.


Dungeon Overview and Level Annotations

Branches:
Dungeon (5/15)
 Temple: D:4-7

Altars:
Cheibriados


Innate Abilities, Weirdness & Mutations

Your plain brown scales are hard. (AC +6)
You cannot fit into any form of body armour.
You are cold-blooded and may be slowed by cold attacks.
You have a pair of horns on your head.


Message History

The ogre hits your ball python with a +0 giant club!
Your ball python dies!
Your ball python bites the ogre.
Your adder bites the ogre.
Your ball python bites the ogre.
Casting: Sticks to Snakes (safe; 8% risk of failure)
Confirm with . or Enter, or press ? or * to list all spells.
You create a snake!
You now have 27 arrows.
The ogre closely misses you.
You swap places.
Your adder bites the ogre. x2
Your ball python bites the ogre but does no damage.
Something misses your ball python.
You swap places.
You swap places.
All of the chunks of flesh in your inventory have rotted away.
The ogre hits you with a +0 giant club!!
Ouch! That really hurt!
Casting: Sticks to Snakes (safe; 8% risk of failure)
Confirm with . or Enter, or press ? or * to list all spells.
You grow a pair of large bovine horns.
The ogre hits you with a +0 giant club!!
You die...

.# ..#
#####...#
##...#...
####......#
#....P....##
#..♣P.PP...#
#......PP..#
#S@O..P♣...#
#S♣P...♣ ..#
#.♣♣♣.♣♣♣.###
#..P♣♣♣♣..#.#
##...♣.......
##P.........
##.........
#..........
##..........


You could see an ogre, a friendly adder and a friendly ball python.

Vanquished Creatures
  A hound (D:4)
  A centaur skeleton (D:4)
  An orc wizard (D:3)
  Crazy Yiuf (D:3)
  Natasha (thrice) (D:3)
  2 worker ants (D:4)
  3 adders
  A worm (D:2)
  A dart slug (D:3)
  2 leopard geckos
  6 orcs
  3 giant cockroaches
  9 goblins
  14 hobgoblins
  4 jackals
  A ball python (D:2)
  5 bats
  3 frilled lizards
  12 kobolds
  9 rats
82 creatures vanquished.

Vanquished Creatures (collateral kills)
  An iguana (D:4)
  A worker ant (D:4)
  2 worms
  3 orcs (D:3)
  A hobgoblin (D:3)
  A jackal (D:3)
  A quokka (D:4)
10 creatures vanquished.

Grand Total: 92 creatures vanquished

Notes
Turn   | Place    | Note
-------+----------+-------------------------------------------
     0 | D:1      | Kohma the Draconian Transmuter began the quest for the Orb.
     0 | D:1      | Reached XP level 1. HP: 16/16 MP: 3/3
   455 | D:1      | Reached XP level 2. HP: 23/23 MP: 3/5
   917 | D:1      | Reached skill level 4 in Unarmed Combat
  1184 | D:1      | Reached XP level 3. HP: 28/28 MP: 6/6
  1472 | D:2      | Learned a level 2 spell: Sticks to Snakes
  1476 | D:2      | Learned a level 3 spell: Spider Form
  1937 | D:2      | Found a snail-covered altar of Cheibriados.
  2128 | D:3      | Reached XP level 4. HP: 35/35 MP: 2/7
  2136 | D:3      | Reached skill level 5 in Unarmed Combat
  2335 | D:3      | Reached skill level 1 in Poison Magic
  2534 | D:3      | Noticed Natasha
  2542 | D:3      | Killed Natasha
  2542 | D:3      | Reached XP level 5. HP: 31/40 MP: 0/8
  2549 | D:3      | Noticed Natasha
  2564 | D:3      | Killed Natasha
  3066 | D:3      | Noticed Natasha
  3074 | D:3      | Killed Natasha
  3469 | D:3      | Found a runed translucent door.
  3470 | D:3      | Noticed Crazy Yiuf
  3494 | D:3      | Killed Crazy Yiuf
  3913 | D:4      | Reached XP level 6. HP: 22/47 MP: 6/9
  4086 | D:5      | Entered Level 5 of the Dungeon
  4472 | D:4      | Slain by an ogre

Levels and vault maps discovered:
D:1:      minmay_arrival_wavy_path, layout_loops_corners,
          chequers_serial_rivers_small_3, minmay_pentomino_p2
D:2:      wander_river, layout_rooms, cheibriados_altar_1
D:3:      layout_loops_ring, uniq_crazy_yiuf_cottage, uniq_natasha
D:4:      layout_cave_pools, fedhas_altar_4, serial_forest,
          infiniplex_forest_clump_diagonal, infiniplex_forest_clump_medium,
          infiniplex_forest_clump_C, infiniplex_forest_end_1,
          infiniplex_forest_lined_corner, infiniplex_forest_straight_3,
          infiniplex_forest_clump_double, first_ration, minmay_misc_feat_rows,
          kennysheep_generic_room_7
D:5:      layout_cave_pods, enter_ossuary_1, feat_on_display

Skill      XL: |  1  2  3  4  5 |
---------------+----------------+-----
Unarmed Combat | 4 5 |  5.5
Poison Magic   | 1 3 |  3.1
Transmutations | 3 |  3.8
Fighting       | |  1.1
Dodging        | |  1.7
Spellcasting   | |  2.0

Action                   |  1- 3 |  4- 6 || total
-------------------------+-------+-------++-------
Melee: Unarmed           |   148 |   131 ||   279
       Kick              |    15 |    13 ||    28
       Tailslap          |    11 |    22 ||    33
       Punch             |     3 |     2 ||     5
       Headbutt          |     3 |     8 ||    11
 Cast: Beastly Appendage |    21 |    18 ||    39
       Sticks to Snakes  |     2 |    22 ||    24
  Use: Scroll            |       |     8 ||     8
 Stab: Sleeping          |     3 |       ||     3
  Eat: Chunk             |     5 |     9 ||    14
Armor: Skin              |    49 |    26 ||    75
Dodge: Dodged            |    97 |    60 ||   157

Table legend:
 A = Non-vault XP
 B = Vault XP
 C = Vault XP percentage of total XP
 D = Non-vault monster count
 E = Vault monster count
 F = Vault count percentage of total count
                 A         B        C        D         E       F
            +---------+---------+-------+---------+---------+-------
      Total |     467 |      64 |  12.1 |      89 |       3 |   3.3
            +---------+---------+-------+---------+---------+-------
        D:1 |      49 |       1 |   2.0 |      31 |       1 |   3.1
        D:2 |      33 |       0 |   0.0 |      18 |       0 |   0.0
        D:3 |     171 |      63 |  26.9 |      29 |       2 |   6.5
        D:4 |     214 |       0 |   0.0 |      11 |       0 |   0.0
            +---------+---------+-------+---------+---------+-------
